 Dungeon Crawl Stone Soup version 0.31-a0-193-gdfe2569204 (webtiles) character file.

Game seed: 4982266027160460661

66 qw the Shooter (level 3, 0/20 HPs)
             Began as a Deep Elf Hunter on June 24, 2023.
             Slain by a black bear (6 damage)
             ... on level 3 of the Dungeon.
             The game lasted 00:00:35 (1579 turns).

qw the Shooter (Deep Elf Hunter)                    Turns: 1579, Time: 00:00:36

Health: 0/20       AC:  6    Str: 10    XL:     3   Next: 96%
Magic:  5/5        EV: 11    Int: 13    God:
Gold:   141        SH:  0    Dex: 18    Spells: 2/2 levels left

rFire   . . .        Y - +1 shortbow
rCold   . . .        (shield currently unavailable)
rNeg    . . .        i - +0 ring mail
rPois   .            (no helmet)
rElec   .            (no cloak)
rCorr   .            e - +0 pair of gloves
SInv    .            (no boots)
Will    .....        (no amulet)
Stlth   +            (no ring)
HPRegen 0.23/turn    (no ring)
MPRegen 0.09/turn

%: no passive effects
@: no status effects
A: no striking features
a: no special abilities


You were on level 3 of the Dungeon.
You visited 1 branch of the dungeon, and saw 3 of its levels.

You collected 141 gold pieces.


   Skills:
 - Level 1.5 Fighting
 + Level 7.4 Ranged Weapons
 - Level 2.4 Dodging
 - Level 1.2 Stealth


You had 2 spell levels left.
You didn't know any spells.
Your spell library was empty.

Inventory:

Hand Weapons
 Y - a +1 shortbow (weapon)
Armour
 e - a +0 pair of gloves (worn)
 i - a +0 ring mail (worn)
Scrolls
 a - a scroll of enchant armour {unknown}
 b - 2 scrolls of identify
 c - 2 scrolls of fog {unknown}
Potions
 d - a potion of heal wounds
 g - a potion of might {unknown}
 h - a potion of enlightenment {unknown}
 j - a potion of ambrosia {unknown}

Dungeon Overview and Level Annotations

Branches:
Dungeon (3/15)

Altars:
Uskayaw


Message History

Enter note: You shoot an arrow.
The arrow hits the kobold.
You kill the kobold!
A black bear comes into view.
Found a stone staircase leading down.
The black bear growls angrily.
Enter note:
Enter note:
Enter note:
Enter note: You shoot an arrow.
The arrow closely misses the black bear.
You shoot an arrow. The arrow hits the black bear!
The black bear is moderately wounded.
You shoot an arrow.
The arrow hits the black bear but does no damage.
The black bear is moderately wounded.
The black bear bites you but does no damage.
The black bear claws you but does no damage. x2
You shoot an arrow. The arrow hits the black bear.
The black bear is moderately wounded.
The black bear misses you.
The black bear claws you but does no damage. x2
You shoot an arrow. The arrow barely misses the black bear.
The black bear closely misses you. x4
The black bear claws you but does no damage.
The black bear claws you.
You shoot an arrow. The arrow hits the black bear!
The black bear is severely wounded.
The black bear misses you.
The black bear claws you but does no damage.
The black bear claws you.
You shoot an arrow. The arrow hits the black bear.
The black bear is almost dead.
The black bear goes berserk!
You shoot an arrow. The arrow hits the black bear.
The black bear is almost dead.
The black bear barely misses you. x2; The black bear claws you.
The black bear bites you! The black bear claws you.
You die...

####..# ###.
##.....### ## ....
........ >#
#..####.##..# .#
#....##.##..### .#
##....##.......# .#
......##.......# .#
......'........##h#
......##.......#@)#
.......#.........##
..#....#........##
. ##+#.#........#
####.#.#.......##
...............#
####.....#.##..#
.......###. #..#
#####%.# # #..#


You could see a black bear (berserk).

Vanquished Creatures
  2 adders (D:2)
  A worm (D:2)
  2 bats
  6 endoplasms
  2 giant cockroaches
  5 goblins
  2 hobgoblins
  2 quokkas
  10 ball pythons
  A frilled lizard (D:1)
  4 kobolds
  4 rats
41 creatures vanquished.

Notes
Turn   | Place    | Note
-------+----------+-------------------------------------------
     0 | D:1      | qw the Deep Elf Hunter began the quest for the Orb.
     0 | D:1      | Reached XP level 1. HP: 12/12 MP: 3/3
     0 | D:1      | 0 ||| qw: Version: 0.3-a-9-g12657ce
     0 | D:1      | 0 ||| qw: Game counter: 4675
     0 | D:1      | 0 ||| qw: Always use a shield: true
     0 | D:1      | 0 ||| qw: God list: Okawaru
     0 | D:1      | 0 ||| qw: Allow faded altars: false
     0 | D:1      | 0 ||| qw: Do Orc after D:15 true
     0 | D:1      | 0 ||| qw: Do second Lair branch before Depths: true
     0 | D:1      | 0 ||| qw: Lair rune preference: random
     0 | D:1      | 0 ||| qw: Plans: Normal
     0 | D:1      | 0 ||| PLANNING D:1-11
    65 | D:1      | Reached skill level 6 in Ranged Weapons
    65 | D:1      | Reached XP level 2. HP: 16/16 MP: 4/4
   411 | D:1      | 411 ||| UPGRADING to +0 pair of gloves.
   416 | D:1      | 416 ||| READING scroll labelled OREINI YBOA.
   417 | D:1      | 417 ||| DROPPING scroll of butterflies.
   511 | D:2      | Found a hide-covered altar of Uskayaw.
   538 | D:2      | Reached XP level 3. HP: 20/20 MP: 5/5
   665 | D:2      | Reached skill level 7 in Ranged Weapons
  1348 | D:2      | 1348 ||| UPGRADING to +0 ring mail.
  1358 | D:2      | 1358 ||| DROPPING +0 leather armour.
  1359 | D:2      | 1359 ||| READING scroll labelled DES EKKOSOULIM.
  1360 | D:2      | 1360 ||| READING scroll labelled YTWUXUE BIACUNN.
  1361 | D:2      | 1361 ||| READING 2 scrolls of identify.
  1361 | D:2      | 1361 ||| IDENTIFYING bubbling purple potion
  1571 | D:3      | Noticed a black bear
  1579 | D:3      | Slain by a black bear

Levels and vault maps discovered:
D:1:      zelgadis_glass_arrival_small, layout_rooms
D:2:      layout_loops_corners, basic_altar, minmay_pentomino_s4
D:3:      layout_basic, uniq_terence

Skill      XL: |  1  2  3 |
---------------+----------+-----
Ranged Weapons | 6 7 |  7.4
Fighting       | |  1.5
Dodging        | |  2.4
Stealth        | |  1.2

Action                     || total
---------------------------++-------
   Fire: Shortbow          ||   142
    Use: Scroll            ||     4
 Armour: Leather armour    ||     5
         Ring mail         ||     8
  Dodge: Dodged            ||    33

Table legend:
 A = Non-vault XP
 B = Vault XP
 C = Vault XP percentage of total XP
 D = Non-vault monster count
 E = Vault monster count
 F = Vault count percentage of total count
                 A         B        C        D         E       F
            +---------+---------+-------+---------+---------+-------
      Total |      87 |       8 |   8.4 |      38 |       3 |   7.3
            +---------+---------+-------+---------+---------+-------
        D:1 |      28 |       0 |   0.0 |      17 |       0 |   0.0
        D:2 |      45 |       8 |  15.1 |      13 |       3 |  18.8
        D:3 |      14 |       0 |   0.0 |       8 |       0 |   0.0
            +---------+---------+-------+---------+---------+-------
